 Dungeon Crawl Stone Soup version 0.31.0-32-g396128a36d (webtiles) character file.

Game seed: 8302785668139847077

24992 James the Marksant (level 13, -15/98 (106) HPs)
             Began as a Formicid Fighter on Mar 14, 2024.
             Was an Initiate of Gozag.
             Demolished by an ice devil (34 damage)
             ... summoned by an obsidian statue
             ... in a volcano.
             The game lasted 00:58:53 (19395 turns).

James the Marksant (Formicid Fighter)              Turns: 19395, Time: 00:58:54

HP:   -15/98 (106)  AC: 20    Str: 23    XL:     13   Next: 47%
MP:   0/13          EV: 10    Int:  7    God:    Gozag
Gold: 506           SH:  6    Dex: 17    Spells: 12/12 levels left

rFire   + + +        a - +2 orcbow (heavy)
rCold   x . .        c - +0 buckler
rNeg    . . .        j - +2 chain mail {rF+}
rPois   .            (helmet unavailable)
rElec   .            y - +0 cloak
rCorr   .            H - +0 pair of gloves
SInv    +            w - +0 pair of boots
Will    +....        U - amulet of guardian spirit Stlth
                     m - ring of fire
HPRegen 0.36/turn    i - ring of protection from fire
MPRegen 0.13/turn

%: guardian spirit
@: studying Armour, drained
A: permanent stasis, dig shafts and tunnels, antennae 3, four strong arms
a: Dig, Renounce Religion, Potion Petition, Call Merchant, Bribe Branch


You were in a volcano.
You worshipped Gozag.
Gozag was pleased with you.
You visited 3 branches of the dungeon, and saw 16 of its levels.
You also visited: Volcano.

You collected 2765 gold pieces.
You spent 575 gold pieces at shops.
You paid 1684 gold pieces to Gozag.

Inventory:

Hand Weapons
 a - a +2 heavy orcbow (weapon)
   (You bought it in a shop on level 9 of the Dungeon)
 b - a +1 spear of venom
   (You took it off a gnoll on level 4 of the Dungeon)
 f - a +0 scimitar of flaming
   (You took it off a hell knight in a volcano)
 k - a +2 trident of flaming
   (You took it off a salamander in a volcano)
 r - a +4 scimitar
   (You took it off a wight on level 7 of the Dungeon)
 N - the +4 rapier of the Warrior-Mage {protect, *Corrode rPois Int+6}
   (You found it on level 10 of the Dungeon)

   Int+6:     It affects your intelligence (+6).
   rPois:     It protects you from poison *Corrode: It may corrode you when you
   take damage.
 Y - a +3 quarterstaff of chaos
   (You took it off Crazy Yiuf on level 2 of the Dungeon)
Missiles
 v - 2 atropa-tipped darts
 A - 4 javelins
 K - 10 boomerangs
 P - 5 curare-tipped darts {!f}
 W - 13 poisoned darts
Armour
 c - a +0 buckler (worn)
 j - a +2 chain mail of fire resistance (worn)
   (You took it off a hell knight in a volcano)
 p - a +1 ring mail of willpower
   (You took it off Duvessa on level 7 of the Dungeon)
 w - a +0 pair of boots (worn)
   (You found it on level 2 of the Dungeon)
 y - a +0 cloak (worn)
   (You found it on level 2 of the Dungeon)
 D - a +0 chain mail
   (You took it off an orc on level 3 of the Dungeon)
 G - +0 steam dragon scales
   (You took it off Maggie on level 7 of the Dungeon)
 H - a +0 pair of gloves (worn)
   (You found it on level 5 of the Dungeon)
Magical Staves
 E - a staff of fire
   (You found it on level 3 of the Dungeon)
Jewellery
 e - a +6 ring of strength
   (You found it on level 5 of the Dungeon)
 i - a ring of protection from fire (right hand)
   (You found it on level 1 of the Dungeon)
 m - a ring of fire (left hand)
   (You found it on level 1 of the Dungeon)
 o - a ring of protection from cold
   (You found it on level 2 of the Dungeon)
 U - an amulet of guardian spirit (around neck)
   (You found it on level 7 of the Dungeon)
Wands
 t - a wand of flame (40)
   (You took it off Maggie on level 7 of the Dungeon)
 u - a wand of paralysis (5)
   (You found it on level 9 of the Dungeon)
 I - a wand of mindburst (2)
   (You took it off Maurice on level 8 of the Dungeon)
 L - a wand of roots (10)
   (You found it on level 3 of the Dungeon)
 Z - a wand of polymorph (11)
   (You took it off Sigmund on level 2 of the Dungeon)
Scrolls
 g - 2 scrolls of enchant armour
 h - a scroll of revelation
 C - a scroll of fog
 F - a scroll of immolation {!r}
 O - 3 scrolls of identify {@r1}
 X - a scroll of poison {!r}
Potions
 d - 3 potions of might
 l - a potion of enlightenment
 q - 4 potions of heal wounds {@q2}
 s - a potion of lignification {!q}
 z - a potion of ambrosia
 B - 3 potions of mutation {!q}
 M - 3 potions of curing {@q1}
 Q - 2 potions of magic
 T - a potion of invisibility


   Skills:
 + Level 11.0 Fighting
 - Level 2.0 Polearms
 * Level 15.4 Ranged Weapons
 + Level 14.5 Armour
 - Level 3.0 Dodging
 - Level 4.0 Stealth
 - Level 7.0 Shields


You had 12 spell levels left.
You didn't know any spells.
Your spell library contained the following spells:

 Spells                   Type           Power      Damage    Failure   Level
 Shock                    Conj/Air       0%         1d3       90%         1
 Dazzling Flash           Conj/Hex       0%         N/A       99%         3
 Mephitic Cloud           Conj/Alch/Air  0%         N/A       99%         3
 Tukima's Dance           Hex            0%         N/A       99%         3
 Airstrike                Air            0%         2d(0-16)  100%        4
 Passage of Golubria      Tloc           0%         N/A       100%        4
 Alistair's Intoxication  Alch           0%         N/A       100%        5
 Borgnjor's Vile Clutch   Necr/Erth      0%         N/A       100%        5
 Curse of Agony           Necr           0%         N/A       100%        5
 Silence                  Hex/Air        0%         N/A       100%        5
 Yara's Violent Unravell  Hex/Alch       0%         3d3       100%        5
 Eringya's Noxious Bog    Alch           0%         4d6       100%        6
 Swiftness                Air            Unusable   N/A       N/A         3

Dungeon Overview and Level Annotations

Branches:
Dungeon (11/15)            Temple (1/1) D:5            Lair (4/5) D:9
  Snake (0/4) Lair:2          Orc (0/2) D:10        Volcano (1/1)
  Swamp: Lair:2-3    Shoals: Lair:2-3     Slime: Lair:4-5

Altars:
Ashenzari
Cheibriados
Dithmenos
Elyvilon
Fedhas
Gozag
Hepliaklqana
Kikubaaqudgha
Makhleb
Nemelex Xobeh
Okawaru
Qazlal
Ru
Sif Muna
Trog
Uskayaw
Vehumet
Wu Jian
Xom
Yredelemnul
Zin
The Shining One

Shops:
D:8 =   D:9 ![(

Annotations:
D:7 2 transporters, tykejmi's ghost, novice HOFi
D:8 exclusion: sensed monster (detected), Amaemon; Jeremiah
D:10 Gastronok Volcano exclusion: obsidian statue


Innate Abilities, Weirdness & Mutations

You cannot be hasted, slowed, berserked, paralysed or teleported.
You can dig through walls and to a lower floor.
You have a pair of large antennae on your head. (SInv)
Your four strong arms can wield two-handed weapons with a shield.


Message History

You shoot an arrow.
The arrow closely misses the soul eater.
You shoot an arrow.
The arrow hits the ice devil but does no damage.
The soul eater draws from the surrounding life force!
You shoot an arrow. The arrow hits the ice devil.
You shoot an arrow. The arrow hits the ice devil!
Unknown command.
You shoot an arrow.
The arrow hits the soul eater but does no damage.
You shoot an arrow. The arrow hits the soul eater!!
You block the soul eater's attack.
You shoot an arrow.
The arrow closely misses the soul eater.
The arrow hits the ice devil but does no damage.
The soul eater draws from the surrounding life force!
You shoot an arrow. The arrow hits the ice devil.
The soul eater draws from the surrounding life force!
The soul eater is healed.
The ice devil barely misses you.
You shoot an arrow.
The arrow hits the ice devil but does no damage.
The soul eater barely misses you.
The ice devil hits you but does no damage. x2
The soul eater hits you!
You feel drained.
You shoot an arrow. The arrow closely misses the ice devil.
The soul eater hits you. You block the ice devil's attack.
You shoot an arrow. The arrow closely misses the ice devil.
The soul eater hits you!
You feel drained.
* * * LOW HITPOINT WARNING * * *
The ice devil hits you but does no damage.
Fire: a) +2 orcbow (heavy)
Press: ? - help, Q - select action, (/) - cycle Shift-Dir - straight line, f/p - ice devil
Aim: an ice devil (severely wounded, summoned, 69% to hit)
You shoot an arrow.
The arrow hits the ice devil but does no damage.
The soul eater hits you!
* * * LOW HITPOINT WARNING * * *
You feel drained.
* * * LOW HITPOINT WARNING * * *
The ice devil completely misses you. The ice devil hits you!
* * * LOW HITPOINT WARNING * * *
The ice devil freezes you!!
You feel a terrible chill!
* * * LOW HITPOINT WARNING * * *
The soul eater hits you.
* * * LOW HITPOINT WARNING * * *
You feel much better. The ice devil hits you!
* * * LOW HITPOINT WARNING * * *
The ice devil freezes you!!
You feel a terrible chill!
You die...
Your body crumbles into a pile of gold.

##########
#∩.......# $
#####....# ...
##......4##...≈.
#._....@3'.....8
##.......##...≈.
#####....#, ...
#∩.......# $
########)# #'#
#)# ##.## ...
#8.8#


You could see a soul eater (summoned) and an ice devil (summoned).

Vanquished Creatures
  A two-headed ogre (D:11)
  A hell knight (Volcano)
  A salamander mystic (Volcano)
  An arcanist (D:11)
  An ugly thing (D:11)
  3 salamanders (Volcano)
  Maurice (D:8)
  2 cyclopes (D:11)
  6 elephants (Lair:1)
  A black mamba (Lair:2)
  2 gargoyles (D:10)
  2 cane toads
  Maggie (D:7)
  An unseen horror (D:11)
  5 komodo dragons
  A rime drake (D:9)
  A troll (D:7)
  A polar bear (Lair:1)
  A hornet (D:9)
  10 blink frogs
  Sigmund (D:2)
  33 yaks
  3 wyverns
  3 wraiths (D:11)
  5 fire bats (Volcano)
  2 steam dragons (D:9)
  Eustachio (D:6)
  2 vampire mosquitoes (D:11)
  An acid dragon (D:10)
  6 water moccasins
  Duvessa (D:7)
  2 black bears
  6 orc warriors
  3 sky beasts
  2 wolves (D:9)
  3 centaurs
  2 kobold brigands (D:8)
  9 bullfrogs
  A gnoll sergeant (D:9)
  3 scorpions
  5 wights
  Dowan (D:7)
  5 killer bees (D:8)
  A howler monkey (D:10)
  3 lava snakes (Volcano)
  2 bombardier beetles
  4 hounds
  5 orc priests
  A gnoll bouda (D:4)
  3 jellies
  Crazy Yiuf (D:2)
  3 iron imps (D:9)
  A sleepcap (D:6)
  5 orc wizards
  4 iguanas
  Terence (D:1)
  7 gnolls
  18 adders
  2 ribbon worms
  5 dart slugs
  38 orcs
  14 endoplasms
  3 giant cockroaches
  7 hobgoblins
  3 jackals (D:2)
  3 quokkas
  8 ball pythons
  4 bats
  6 goblins
  17 kobolds
  8 rats
320 creatures vanquished.

Notes
Turn   | Place    | Note
-------+----------+-------------------------------------------
     0 | D:1      | James the Formicid Fighter began the quest for the Orb.
     0 | D:1      | Reached XP level 1. HP: 18/18 MP: 1/1
    95 | D:1      | Reached XP level 2. HP: 24/24 MP: 2/2
   172 | D:1      | Reached skill level 1 in Stealth
   259 | D:1      | Reached XP level 3. HP: 29/29 MP: 3/3
   340 | D:1      | Found a faded altar of an unknown god.
   348 | D:1      | Prayed at the altar of an unknown god.
   348 | D:1      | Became a worshipper of Sif Muna the Loreminder
   348 | D:1      | Reached * piety under Sif Muna
   349 | D:1      | Fell from the grace of Sif Muna
   591 | D:2      | Reached skill level 1 in Dodging
   594 | D:2      | Reached XP level 4. HP: 37/37 MP: 4/4
   615 | D:2      | Noticed Terence
   633 | D:1      | Killed Terence
   952 | D:2      | Noticed Sigmund
  1344 | D:2      | Found a runed translucent door.
  1345 | D:2      | Noticed Crazy Yiuf
  1426 | D:3      | Noticed a +0 hand axe
  1436 | D:3      | Noticed a +0 dagger
  1440 | D:3      | Found a hide-covered altar of Uskayaw.
  1452 | D:3      | Reached XP level 5. HP: 42/42 MP: 5/5
  1564 | D:3      | Found a stormy altar of Qazlal.
  1588 | D:3      | Found a shimmering blue altar of Sif Muna.
  1664 | D:3      | Found an iron altar of Okawaru.
  1673 | D:3      | Reached skill level 5 in Shields
  1707 | D:3      | Found a radiant altar of Vehumet.
  1946 | D:3      | Found an opulent altar of Gozag.
  1967 | D:3      | Became a worshipper of Gozag Ym Sagoz the Greedy
  2051 | D:3      | Reached XP level 6. HP: 47/48 MP: 6/6
  2428 | D:4      | Reached skill level 1 in Ranged Weapons
  2953 | D:4      | Reached skill level 2 in Ranged Weapons
  2953 | D:4      | Reached XP level 7. HP: 55/55 MP: 7/7
  3159 | D:4      | Found a basalt altar of Yredelemnul.
  3669 | D:5      | Entered Level 5 of the Dungeon
  3820 | D:5      | Found a staircase to the Ecumenical Temple.
  3845 | Temple   | Entered the Ecumenical Temple
  3888 | D:5      | Reached skill level 3 in Ranged Weapons
  3894 | D:5      | Reached skill level 5 in Fighting
  3894 | D:5      | Reached skill level 5 in Armour
  4027 | D:5      | Reached skill level 4 in Ranged Weapons
  4127 | D:5      | Reached XP level 8. HP: 62/62 MP: 8/8
  4480 | D:6      | Found a shadowy altar of Dithmenos.
  4519 | D:5      | Reached skill level 5 in Ranged Weapons
  4846 | D:6      | Reached skill level 6 in Ranged Weapons
  5077 | D:6      | Found a white marble altar of Elyvilon.
  5109 | D:6      | Noticed Eustachio
  5456 | D:7      | Noticed a troll
  5473 | D:7      | Killed a troll
  5474 | D:7      | Reached skill level 7 in Ranged Weapons
  5474 | D:7      | Reached XP level 9. HP: 5/68 MP: 9/9
  6023 | D:7      | Reached skill level 8 in Ranged Weapons
  6137 | D:7      | Noticed tykejmi's ghost (novice HOFi)
  6139 | D:7      | Found a transporter.
  6139 | D:7      | Noticed a tengu conjurer
  6215 | D:7      | Noticed Maggie
  6237 | D:7      | Killed Maggie
  6238 | D:7      | Reached skill level 9 in Ranged Weapons
  6488 | D:7      | Found a transporter.
  6663 | D:7      | Found an ornate altar of the Wu Jian Council.
  6736 | D:7      | Noticed Duvessa
  6739 | D:7      | Noticed Dowan
  6750 | D:7      | Killed Duvessa
  6757 | D:7      | Killed Dowan
  7231 | D:2      | Killed Sigmund
  7370 | D:2      | Killed Crazy Yiuf
  7837 | D:8      | Noticed Jeremiah
  8132 | D:8      | Reached XP level 10. HP: 61/71 MP: 8/10
  8164 | D:8      | Reached skill level 10 in Ranged Weapons
  9044 | D:8      | Found Fise's Jewellery Shoppe.
  9260 | D:8      | Was forgiven by Sif Muna
  9349 | D:8      | Noticed Maurice
  9654 | D:8      | Maurice stole a ring of ice
  9655 | D:8      | Maurice stole a staff of fire
  9656 | D:8      | Maurice stole 4 javelins
  9659 | D:8      | Maurice stole 67 gold
  9669 | D:8      | Killed Maurice
 10051 | D:8      | Noticed Amaemon
 10266 | D:8      | Identified a scroll of acquirement
 10266 | D:8      | Acquired a manual of Armour
 10324 | D:9      | Found a burning altar of Makhleb.
 10411 | D:9      | Reached skill level 11 in Ranged Weapons
 10491 | D:9      | Found a staircase to the Lair.
 10530 | D:9      | Found a snail-covered altar of Cheibriados.
 10618 | D:9      | Found Ratz's Distillery.
 10628 | D:9      | Bought a potion of heal wounds for 70 gold pieces
 10708 | D:9      | Reached XP level 11. HP: 44/83 MP: 7/11
 10929 | D:9      | Found a broken altar of Ashenzari.
 11544 | D:10     | Entered Level 10 of the Dungeon
 11959 | D:9      | Reached skill level 12 in Ranged Weapons
 12453 | D:10     | Identified the +4 rapier of the Warrior-Mage {protect,
                  | *Corrode rPois Int+6}
 12523 | D:10     | Reached skill level 10 in Armour
 12954 | D:10     | Identified the +5 hand axe of Doom {elec, Str+3 Int+3}
 13009 | D:10     | Found a bloodstained altar of Trog.
 13012 | D:10     | Found a staircase to the Orcish Mines.
 13846 | D:10     | Noticed Gastronok
 14617 | D:6      | Killed Eustachio
 14819 | D:11     | Noticed a cyclops
 14834 | D:11     | Killed a cyclops
 14955 | D:11     | Reached XP level 12. HP: 88/94 MP: 10/12
 15062 | D:11     | Found Beqiguadd's Antique Weapon Shop.
 15157 | D:11     | Noticed an arcanist
 15176 | D:11     | Killed an arcanist
 15177 | D:11     | Reached skill level 13 in Ranged Weapons
 15515 | D:11     | Noticed a two-headed ogre
 15528 | D:11     | Killed a two-headed ogre
 16440 | Lair:1   | Entered Level 1 of the Lair of Beasts
 17211 | Lair:1   | Reached skill level 14 in Ranged Weapons
 17406 | D:9      | Bought a masterwork cloak for 304 gold pieces
 17406 | D:9      | Identified the +0 cloak of Shadows and Fog {Harm Rampage
                  | +Inv Int+4} (You bought it in a shop on level 9 of the
                  | Dungeon)
 17407 | D:9      | Bought a runed orcbow for 201 gold pieces
 17522 | Lair:1   | Reached skill level 10 in Fighting
 17577 | Lair:1   | Reached XP level 13. HP: 81/103 MP: 13/13
 18207 | Lair:2   | Found a staircase to the Snake Pit.
 18224 | Lair:2   | You fall into a shaft and drop 2 floors!
 18550 | Lair:4   | Reached skill level 15 in Ranged Weapons
 18587 | Lair:4   | Found a dark tunnel.
 18600 | Volcano  | Entered a volcano
 18770 | Volcano  | HP: 5/105 [salamander/+2 trident of flaming (2)]
 19077 | Volcano  | Found a bloodstained altar of Trog.
 19394 | Volcano  | HP: 3/98 [ice devil[an obsidian statue] (31)]
 19395 | Volcano  | Demolished by an ice devil

Illustrated notes

Levels and vault maps discovered:
D:1:      mainiacjoe_arrival_reflecting_pool, layout_rooms,
          hellmonk_ecumenical_altar_prayer_group
D:2:      layout_basic, minmay_worlds_worst_comb, uniq_terence, uniq_sigmund,
          uniq_crazy_yiuf_cottage
D:3:      layout_rooms, lemuel_tele_altar, marbit_many_paths,
          dancing_weapons_uskayaw, fiery_altar_vehumet,
          nicolae_gozag_cash_rules_everything_around_me,
          mainiacjoe_overflow_chevrons, st_stairs_3
D:4:      layout_basic, yredelemnul_altar_generic, serial_forest,
          infiniplex_forest_lined_room_, infiniplex_forest_straight_3,
          infiniplex_forest_lined_corner, infiniplex_forest_clump_long,
          infiniplex_forest_straight_1, infiniplex_forest_corner_2,
          infiniplex_forest_straight_1, infiniplex_forest_lined_2, st_stairs_2,
          minmay_snake_closets
D:5:      layout_rooms, minmay_temple_entry_purple_smoke
D:6:      layout_loops_ring, mainiacjoe_overflow_paths,
          nicolae_overflow_crystal_walls, uniq_eustachio
D:7:      layout_loops_corners, mainiacjoe_overflow_24_doors,
          gammafunk_ghost_arena, uniq_maggie, uniq_duvessa
D:8:      layout_loops_ring, serial_shops, nicolae_shop_gaudy_bauble,
          kennysheep_pointless_box, uniq_maurice, uniq_jeremiah, uniq_amaemon
D:9:      kennysheep_steamy, layout_rooms, nicolae_ashenzari_panopticon,
          slow_altar_1, demons_altar, erik_lair_orcish_takeover, serial_shops,
          nicolae_shop_industrial_runoff
D:10:     layout_layer_cave, mainiacjoe_overflow_tiny_flanked, david_orc_5,
          uniq_gastronok
D:11:     layout_loops_corners, serial_shops, shop
Temple:   hellmonk_temple_micro_hex
Lair:1:   layout_misc_corridors, infiniplex_staircase_pool_2, grunt_megastairs_3
Lair:2:   layout_loops_ring, elwin_shoals_entry_rocks,
          minmay_snake_entry_six_corridors, special_room [special_room_bee]
Lair:3:   layout_small_grid, maelrawn_ghost_gauntlet_escape, uniq_nessos
Lair:4:   layout_gridlike, enter_volcano_4, grunt_forest_large_clearing_hut,
          uniq_snorg
Volcano:  volcano_grotto [vgs_statue_spotlight]

Skill      XL: |  1  2  3  4  5  6  7  8  9 10 11 12 13 |
---------------+----------------------------------------+-----
Stealth        | 1 2 3 4 |  4.0
Dodging        | 1 2 3 |  3.0
Fighting       | 4 5 6 8 10 11 | 11.0
Armour         | 4 5 8 11 13 14 | 14.5
Shields        | 5 6 7 |  7.0
Ranged Weapons | 2 4 7 9 11 12 14 15 | 15.4
Polearms       | |  2.0

Action                     |  1- 3 |  4- 6 |  7- 9 | 10-12 | 13-15 || total
---------------------------+-------+-------+-------+-------+-------++-------
  Melee: Trident           |    86 |   177 |     4 |     3 |       ||   270
         Unarmed           |       |     2 |       |       |       ||     2
         Spear             |       |       |   229 |   105 |       ||   334
   Fire: Sling             |       |    37 |   208 |    22 |       ||   267
         Shortbow          |       |       |       |   876 |       ||   876
         Orcbow            |       |       |       |   182 |   170 ||   352
  Throw: Javelin           |       |     2 |       |       |       ||     2
 Invoke: Renounce Religion |     1 |       |       |       |       ||     1
         Call Merchant     |       |       |       |     2 |       ||     2
         Potion Petition   |       |       |       |       |     1 ||     1
Ability: Shaft Self        |       |       |       |       |     1 ||     1
    Use: Scroll            |       |     4 |     7 |    11 |     2 ||    24
         Potion            |       |       |       |       |     2 ||     2
 Armour: Scale mail        |    42 |    79 |       |       |       ||   121
         Ring mail         |       |    33 |   146 |   393 |       ||   572
         Steam dragon scal |       |       |    17 |    80 |    53 ||   150
         Chain mail        |       |       |       |       |    45 ||    45
  Dodge: Dodged            |    38 |    93 |   137 |   378 |    58 ||   704
  Block: Buckler           |    16 |    46 |    76 |   213 |    40 ||   391
